 Dungeon Crawl Stone Soup version 0.26.1-11-gd32895ea62 (webtiles) character file.

Game seed: 15650453750716074142

18 Descartes the Magician (level 2, -4/16 HPs)
             Began as a Deep Elf Wanderer on June 14, 2021.
             Slain by a worm (6 damage)
             ... on level 1 of the Dungeon.
             The game lasted 00:02:57 (1488 turns).

Descartes the Magician (Deep Elf Wanderer)          Turns: 1488, Time: 00:02:58

Health: -4/16      AC:  3    Str:  6    XL:     2   Next: 51%
Magic:  0/10       EV: 11    Int: 16    God:
Gold:   8          SH:  0    Dex: 17    Spells: 10/11 levels left

rFire    . . .     SeeInvis .   d - +1 dagger (freeze)
rCold    . . .     Faith    .   (no shield)
rNeg     . . .     Spirit   +   m - +0 leather armour (curse)
rPois    .         Reflect  .   (no helmet)
rElec    .         Harm     .   (no cloak)
rCorr    .         Rampage  .   (no gloves)
Will     .....                  (no boots)
Stlth    ++........             k - amulet of guardian spirit
HPRegen  0.05/turn              (no ring)
MPRegen  0.12/turn              (no ring)

@: no status effects
A: no striking features
a: no special abilities


You were on level 1 of the Dungeon.
You visited 1 branch of the dungeon, and saw 2 of its levels.

You collected 8 gold pieces.

Inventory:

Hand Weapons
 a - a +0 dagger
 d - a +1 dagger of freezing (weapon)
Missiles
 i - 27 stones
 j - 26 sling bullets
 n - 8 arrows
Armour
 m - a cursed +0 leather armour (worn)
Jewellery
 c - an uncursed ring of fire
 k - an amulet of guardian spirit (around neck)
Scrolls
 b - a scroll of teleportation
 e - a scroll of amnesia {unknown}
 f - a scroll of remove curse {unknown}
Potions
 g - a potion of curing {unknown}
 h - a potion of haste {unknown}
 l - a potion of flight {unknown}


   Skills:
 - Level 1.0 Fighting
 - Level 1.2 Dodging
 - Level 3.6 Stealth
 - Level 5.0 Spellcasting
 - Level 1.3 Hexes
 - Level 1.1 Translocations
 + Level 1.7 Ice Magic


You had 10 spell levels left.
You knew the following spells:

 Your Spells              Type           Power        Failure   Level
a - Freeze                Ice            36%          12%         1

Your spell library contained the following spells:

 Spells                   Type           Power        Failure   Level
 Blink                    Tloc           N/A          22%         2
 Ozocubu's Armour         Ice            9%           34%         3
 Gell's Gravitas          Tloc           3%           41%         3
 Lesser Beckoning         Tloc           3%           41%         3
 Teleport Other           Tloc           7%           41%         3
 Passage of Golubria      Tloc           N/A          83%         4


Dungeon Overview and Level Annotations

Branches:
Dungeon (2/15)

Altars:


Message History

Confirm with . or Enter, or press ? or * to list all spells.
Aiming: Freeze (safe; 12% risk of failure)
Press: ? - help, Shift-Dir - straight line, f/p - worm
Aim: a worm You freeze the worm.
The worm is lightly wounded.
Casting: Freeze (safe; 12% risk of failure)
Confirm with . or Enter, or press ? or * to list all spells.
You don't have enough magic to cast that spell.
Unknown command.
Unknown command.
Casting: Freeze (safe; 12% risk of failure)
Confirm with . or Enter, or press ? or * to list all spells.
You don't have enough magic to cast that spell.
The gnoll completely misses you. The gnoll hits you with a +0 club.
* * * LOW HITPOINT WARNING * * *
You see here a club.
The worm bites you!
You die...

..........#.#####...........##.##
..........#.....##..[.......+...#
).........#.....##..........##..#
..........#.....######.#######...
......##+##.....######.#######.#.
......#...#.....+...)............
..รท...#...#.....######.########..
.######...#....w###.....### #..
........)##....g@.........# #..
..#########...............# #..
........# #...............# #..
..#..##.# ######..........# #..
..#..##.# #..'..........# ###
..#.###.# #.##..........#
#.......# #.##..........#
#######.# #.##..........#
############..+..........###


You could see a worm and a gnoll.

Vanquished Creatures
  A leopard gecko (D:1)
  A giant cockroach (D:1)
  3 goblins (D:1)
  3 hobgoblins (D:1)
  A bat (D:1)
  3 frilled lizards (D:1)
  3 kobolds
  4 rats (D:1)
19 creatures vanquished.

Notes
Turn   | Place    | Note
-------+----------+-------------------------------------------
     0 | D:1      | Descartes the Deep Elf Wanderer began the quest for the
                  | Orb.
     0 | D:1      | Descartes set off with the following items: a +0 dagger, a
                  | scroll of teleportation, a +0 robe; and the following spell
                  | memorised: Freeze; and the following spells available to
                  | memorise: Blink, Gell's Gravitas, Lesser Beckoning,
                  | Teleport Other, Ozocubu's Armour, Passage of Golubria
     0 | D:1      | Reached XP level 1. HP: 12/12 MP: 7/7
   450 | D:1      | Reached skill level 1 in Ice Magic
   606 | D:1      | Reached XP level 2. HP: 13/16 MP: 4/9
  1324 | D:1      | Reached skill level 5 in Spellcasting
  1488 | D:1      | Slain by a worm

Illustrated notes

Levels and vault maps discovered:
D:1:      dpeg_arrival_short_road, layout_basic
D:2:      layout_basic, minmay_randomly_rotated_circles

Skill      XL: |  1  2 |
---------------+-------+-----
Ice Magic      | 1 |  1.7
Spellcasting   | 5 |  5.0
Fighting       | |  1.0
Dodging        | |  1.2
Stealth        | |  3.6
Hexes          | |  1.3
Translocations | |  1.1

Action                   || total
-------------------------++-------
Melee: Dagger            ||    14
 Cast: Freeze            ||    26
 Stab: Sleeping          ||     5
Armor: Robe              ||     1
       Leather armour    ||     5
Dodge: Dodged            ||    17
